 Dungeon Crawl Stone Soup version 0.24.1-8-ga250c9d538 (webtiles) character file.

Game seed: 12994937538432498938, levelgen mode: deterministic

1569 Hugehornet the Transmogrifier (level 8, -3/48 HPs)
             Began as an Octopode Transmuter on May 1, 2020.
             Slain by an orc warrior
             ... wielding a +0 halberd of venom
              (21 damage)
             ... on level 6 of the Dungeon.
             The game lasted 00:18:02 (7861 turns).

Hugehornet the Transmogrifier (Octopode Transmuter) Turns: 7861, Time: 00:18:03

Health: -3/48      AC:  2    Str: 10    XL:     8   Next: 90%
Magic:  9/11       EV: 19    Int: 17    God:
Gold:   59         SH:  0    Dex: 17    Spells: 0/11 levels left

rFire    . . .     SeeInvis .     - Unarmed
rCold    . . .     Gourm    .   (shield currently unavailable)
rNeg     . . .     Faith    .   (helmet currently unavailable)
rPois    .         Spirit   .   j - amulet of rage
rElec    .         Reflect  .   w - ring of poison resistance
rCorr    .         Harm     .   (no ring)
MR       .....                  (no ring)
Stlth    ++........             (no ring)
HPRegen  0.16/turn              (no ring)
MPRegen  0.12/turn              (no ring)
                                (no ring)
                                (no ring)

@: lethally poisoned (-3 -> -17), spider-form (expiring)
A: tiny, almost no armour, stealthy swim, (amphibious), 8 rings, (constrict 8)
a: End Transformation, Evoke Berserk Rage


You were on level 6 of the Dungeon.
You were not hungry.
You were a venomous arachnid creature.
You visited 2 branches of the dungeon, and saw 7 of its levels.

You collected 307 gold pieces.
You spent 248 gold pieces at shops.

Inventory:

Missiles
 a - 43 arrows
Armour
 p - a +0 large shield
Jewellery
 j - an amulet of rage (around neck)
 w - a ring of poison resistance (left front leg)
Wands
 x - a wand of disintegration (10)
Scrolls
 b - 5 scrolls of teleportation
 e - a scroll of magic mapping {unknown}
 g - a scroll of random uselessness {unknown}
 i - a scroll of enchant armour {unknown}
 k - 2 scrolls of remove curse {unknown}
 o - 3 scrolls of fear {unknown}
 q - a scroll of amnesia {unknown}
 r - a scroll of fog {unknown}
 s - 2 scrolls of immolation {unknown}
 y - a scroll of identify
Potions
 d - a potion of haste
 f - a potion of agility
 h - a potion of magic
 l - 2 potions of curing
 m - 2 potions of mutation
 n - 2 potions of flight
 t - 2 potions of heal wounds
 u - a potion of resistance
 v - a potion of invisibility {unknown}
 z - a potion of lignification
 A - a potion of berserk rage {unknown}
 B - a potion of might {unknown}
Comestibles
 c - 9 rations


   Skills:
 - Level 1.0 Fighting
 - Level 2.0 Dodging
 - Level 6.1 Unarmed Combat
 - Level 2.0 Spellcasting
 + Level 8.9 Transmutations
 - Level 4.3 Poison Magic


You couldn't memorise any spells.
You knew the following spells:

 Your Spells              Type           Power        Failure   Level  Hunger
a - Beastly Appendage     Tmut           ####..       3%          1    #......
b - Sticks to Snakes      Tmut           ####....     4%          2    ###....
c - Spider Form           Tmut/Pois      ###.......   12%         3    ###....
d - Blade Hands           Tmut           ####......   32%         5    ######.

Your spell library contained the following spells:

 Spells                   Type           Power        Failure   Level  Hunger
 Confusing Touch          Hex            #.....       38%         1    #......
 Ice Form                 Ice/Tmut       ###.....     52%         4    #####..
 Petrify                  Tmut/Erth      ###.....     52%         4    #####..
 Confuse                  Hex            #.......     71%         3    ###....
 Gell's Gravitas          Tloc           #.........   71%         3    ###....
 Yara's Violent Unravell  Hex/Tmut       ###.......   83%         5    ######.
 Metabolic Englaciation   Hex/Ice        #.........   100%        5    ######.


Dungeon Overview and Level Annotations

Branches:
Dungeon (6/15)             Temple (1/1) D:5

Altars:
Ashenzari
Dithmenos
Fedhas
Hepliaklqana
Kikubaaqudgha
Makhleb
Nemelex Xobeh
Okawaru
Qazlal
Ru
Sif Muna
Trog
Uskayaw
Vehumet
Xom
Yredelemnul
Zin
The Shining One

Shops:
D:5 *!


Innate Abilities, Weirdness & Mutations

You cannot wear most types of armour.
You are very stealthy in the water. (Stealth+)
((You are amphibious.))
You can wear up to eight rings at the same time.
((You can use your tentacles to constrict eight enemies at once.))
((Your skin changes colour to match your surroundings (Stealth+).))
((Your rubbery body absorbs attacks. (AC +1, EV +1)))


Message History

The centaur is almost dead.
The centaur barely misses you.
You hit the centaur but do no damage.
The centaur is almost dead.
You feel sick.
You kill the centaur!
The orc warrior barely misses you.
You hit the orc wizard.
The orc wizard is poisoned.
The orc wizard is lightly wounded.
The orc warrior hits you from afar with a +0 halberd of venom!
You are more poisoned.
The orc wizard misses you.
You hit the orc wizard.
The orc wizard is heavily wounded.
You feel sick. The orc wizard misses you.
You hit the orc wizard.
The orc wizard is almost dead.
You feel sick.
The orc warrior hits you from afar with a +0 halberd of venom!!
You die...

....# #######
....###############.....#
....))..................#
....##############......#
....# #......# ##### ##.#####
######......#
#############..(##......#####
............'...so...........
#############..(##o..........
#...##......####
######...........
####..#.##.. ###### #..#.#
.....########### #..# #
####.#.........# ##.# #
#.##.######.# ..


You could see an orc warrior and an orc wizard.

Vanquished Creatures
  Sigmund (D:2)
  Duvessa (D:5)
  An orc warrior (D:6)
  2 ogres (D:4)
  A centaur (D:6)
  A bullfrog (D:6)
  Dowan (D:5)
  A scorpion (D:4)
  2 crimson imps
  7 orc priests
  3 hounds
  Crazy Yiuf (D:3)
  6 orc wizards
  An iguana (D:4)
  2 worker ants (D:5)
  5 adders
  An adder zombie (D:5)
  An adder skeleton (D:4)
  2 worms (D:2)
  A dart slug (D:2)
  5 leopard geckos
  23 orcs
  4 giant cockroaches
  6 goblins
  4 hobgoblins
  7 jackals (D:3)
  2 quokkas
  2 ball pythons
  10 bats
  3 frilled lizards
  4 kobolds
  A quokka skeleton (D:4)
  5 rats
117 creatures vanquished.

Vanquished Creatures (others)
  A plant (D:6)
1 creature vanquished.

Grand Total: 118 creatures vanquished

Notes
Turn   | Place    | Note
-------+----------+-------------------------------------------
     0 | D:1      | Hugehornet the Octopode Transmuter began the quest for the
                  | Orb.
     0 | D:1      | Reached XP level 1. HP: 13/13 MP: 3/3
    88 | D:1      | Reached XP level 2. HP: 18/18 MP: 3/5
   296 | D:1      | Reached skill level 3 in Transmutations
   300 | D:1      | Learned a level 2 spell: Sticks to Snakes
   509 | D:1      | Reached XP level 3. HP: 17/23 MP: 4/6
   514 | D:1      | Learned a level 3 spell: Spider Form
  1251 | D:2      | Reached skill level 1 in Poison Magic
  1276 | D:2      | Noticed Sigmund
  1396 | D:2      | Killed Sigmund
  1396 | D:2      | Reached skill level 4 in Transmutations
  1396 | D:2      | Reached XP level 4. HP: 28/28 MP: 4/7
  1396 | D:2      | Reached XP level 5. HP: 33/33 MP: 4/8
  1911 | D:2      | Reached XP level 6. HP: 29/38 MP: 7/9
  3040 | D:3      | Found a runed translucent door.
  3041 | D:3      | Noticed Crazy Yiuf
  3111 | D:3      | Reached skill level 5 in Unarmed Combat
  3119 | D:3      | Reached XP level 7. HP: 3/43 MP: 6/10
  3707 | D:3      | Killed Crazy Yiuf
  3941 | D:4      | HP: 2/43 [poisoned by an orc]
  4853 | D:4      | Reached skill level 5 in Transmutations
  5111 | D:4      | Reached skill level 6 in Transmutations
  5111 | D:4      | Reached XP level 8. HP: 39/48 MP: 8/11
  5142 | D:4      | Learned a level 5 spell: Blade Hands
  5170 | D:5      | Entered Level 5 of the Dungeon
  5339 | D:5      | Found a staircase to the Ecumenical Temple.
  5352 | Temple   | Entered the Ecumenical Temple
  5828 | D:5      | Found Cycresh's Distillery.
  5947 | D:5      | Bought a potion of heal wounds for 55 gold pieces
  5947 | D:5      | Bought a potion of heal wounds for 55 gold pieces
  5947 | D:5      | Bought a potion of curing for 33 gold pieces
  5947 | D:5      | Bought a potion of curing for 33 gold pieces
  5947 | D:5      | Bought a potion of degeneration for 11 gold pieces
  5947 | D:5      | Bought a potion of lignification for 33 gold pieces
  5965 | D:5      | Noticed Duvessa
  5965 | D:5      | Noticed Dowan
  6011 | D:5      | Killed Duvessa
  6011 | D:5      | Reached skill level 7 in Transmutations
  6021 | D:5      | Killed Dowan
  6473 | D:5      | Found Bic Yjaf's Assorted Antiques.
  6476 | D:5      | Bought a murky dark potion for 14 gold pieces
  6476 | D:5      | Bought a cyan potion for 14 gold pieces
  6853 | D:6      | HP: 1/48 [centaur/arrow (7)]
  7083 | D:6      | Reached skill level 8 in Transmutations
  7861 | D:6      | Slain by an orc warrior

Levels and vault maps discovered:
D:1:      roderic_chinese_lattice_arrival, layout_loops_ring
D:2:      layout_basic, first_ration, uniq_sigmund
D:3:      layout_loops_ring, wad_rectangle_vault, uniq_crazy_yiuf_cottage
D:4:      layout_loops_ring
D:5:      layout_loops_ring, minmay_temple_entry_ruins, serial_glass,
          glass_columns_b, glass_columns_b, serial_shops,
          nicolae_shop_behind_doors, shop, uniq_duvessa
D:6:      layout_basic, serial_bayou_pond_a
Temple:   hc_temple_tempest_star

Skill      XL: |  1  2  3  4  5  6  7  8 |
---------------+-------------------------+-----
Transmutations | 3 4 6 8 |  8.9
Poison Magic   | 4 |  4.3
Unarmed Combat | 5 6 |  6.1
Fighting       | |  1.0
Dodging        | |  2.0
Spellcasting   | |  2.0

Action                   |  1- 3 |  4- 6 |  7- 9 || total
-------------------------+-------+-------+-------++-------
Melee: Unarmed           |    62 |   107 |   175 ||   344
       Kick              |    16 |    11 |    16 ||    43
       Constrict         |    14 |    16 |    15 ||    45
       Tentacles         |     5 |     4 |     6 ||    15
       Punch             |     2 |     1 |     1 ||     4
 Cast: Beastly Appendage |    20 |    15 |    17 ||    52
       Spider Form       |     1 |     4 |    12 ||    17
  Use: Scroll            |       |       |     7 ||     7
       Potion            |       |       |     5 ||     5
 Stab: Sleeping          |     4 |     2 |     1 ||     7
  Eat: Chunk             |     1 |     7 |     6 ||    14
       Ration            |       |       |     3 ||     3
Armor: Skin              |     3 |     6 |    10 ||    19
Dodge: Dodged            |    32 |    64 |   135 ||   231
